 Dungeon Sprint DCSS version 0.31-a0-18-gea43df2a32 (webtiles) character file.

Game seed: 512069039884522020

483 sircluck the Grappler (level 6, -6/71 HPs)
             Began as a Troll Berserker on May 10, 2023.
             Was an Elder of Trog.
             Mangled by a boulder beetle (22 damage)
             ... in the Dungeon (Sprint II: "The Violet Keep of Menkaure").
             The game lasted 00:01:47 (119 turns).

sircluck the Grappler (Troll Berserker)              Turns: 119, Time: 00:01:48

Health: -6/71      AC:  4    Str: 28    XL:     6   Next: 88%
Magic:  5/5        EV: 11    Int:  3    God:    Trog [****..]
Gold:   486        SH:  0    Dex:  9    Spells: 5/5 levels left

rFire   . .          .
                       - Unarmed
rCold   . . .        (no shield)
rNeg    . . .        a - +0 animal skin
rPois   .            (helmet restricted)
rElec   .            (no cloak)
rCorr   .            (gloves unavailable)
SInv    .            (boots unavailable)
Will    .....        (no amulet)
Stlth   +            (no ring)
HPRegen 1.11/turn    (no ring)
MPRegen 0.09/turn

%: no teleportation
@: on berserk cooldown, slowed, very slow
A: large, unfitting armour, claws 3, regeneration 1, shaggy fur 1, tough skin 1
a: Renounce Religion, Berserk, Trog's Hand, Brothers in Arms


You were in the Dungeon.
You worshipped Trog.
Trog was greatly pleased with you.
You visited 1 branch You collected 486 gold pieces.

Inventory:

Armour
 a - a +0 animal skin (worn)
Scrolls
 g - a scroll of blinking
Potions
 b - a potion of curing
 d - a potion of haste
 e - 2 potions of magic
 f - a potion of berserk rage


   Skills:
 + Level 7.5 Fighting
 + Level 7.4 Dodging
 + Level 9.4 Unarmed Combat


You had 5 spell levels left.
You didn't know any spells.
Your spell library was empty.

Dungeon Overview and Level Annotations

Branches:
Dungeon (1/1)

Altars:


Innate Abilities, Weirdness & Mutations

You are too large for most types of armour.
You have claws for hands.
Your natural rate of healing is unusually fast.
You are covered in fur. (AC +1)
You have tough skin. (AC +1)


Message History

You scratch the boulder beetle but do no damage.
The boulder beetle is heavily wounded.
The boulder beetle leaps! x2
There is an open door here.
You feel a strong urge to attack something.
You claw the boulder beetle!
The boulder beetle is lightly wounded.
You mangle the boulder beetle!!
The boulder beetle is heavily wounded.
The boulder beetle leaps!
You are no longer berserk.
You are exhausted.
You feel yourself slow down.
The boulder beetle curls into a ball and begins rolling! x2
There is an open door here.
You fail to use your ability.
The boulder beetle hits you!!
The boulder beetle stops rolling and uncurls.
Unknown command.
You scratch the boulder beetle.
The boulder beetle is heavily wounded.
The boulder beetle stops rolling and uncurls.
The boulder beetle barely misses you.
You scratch the boulder beetle but do no damage.
The boulder beetle is heavily wounded.
The boulder beetle leaps!
The boulder beetle bites you!
* * * LOW HITPOINT WARNING * * *
You feel much better. The boulder beetle bites you!!
* * * LOW HITPOINT WARNING * * *
The boulder beetle leaps!
The boulder beetle bites you.
* * * LOW HITPOINT WARNING * * *
The boulder beetle leaps!
You scratch the boulder beetle but do no damage.
The boulder beetle is heavily wounded.
The boulder beetle closely misses you.
You scratch the boulder beetle but do no damage.
The boulder beetle is heavily wounded.
The boulder beetle barely misses you.
The boulder beetle curls into a ball and begins rolling!
The boulder beetle bites you!!
You die...

##. .##
#..#..# ##
#...# #
#.###†## .#
###.##B##..#
+.##'.<.†#
#.†.##.##..#
##.###B## .#
####$#@# #
#..#..#
##.#.##
##+##


You could see 2 boulder beetles.

Vanquished Creatures
  4 necrophages (D)
  4 scorpions (D)
  3 worms (D)
11 creatures vanquished.

Notes
Turn   | Place    | Note
-------+----------+-------------------------------------------
     0 | D        | sircluck the Troll Berserker began the quest for the Orb.
     0 | D        | Reached XP level 1. HP: 22/22 MP: 0/0
     1 | D        | Noticed a necrophage
     1 | D        | Noticed a necrophage
     1 | D        | Noticed a necrophage
     1 | D        | Noticed a necrophage
     7 | D        | Killed a necrophage
     8 | D        | Reached skill level 5 in Unarmed Combat
     8 | D        | Reached XP level 2. HP: 32/32 MP: 1/1
     8 | D        | Reached XP level 3. HP: 39/39 MP: 2/2
    12 | D        | Killed a necrophage
    13 | D        | Reached skill level 5 in Fighting
    13 | D        | Reached skill level 5 in Dodging
    13 | D        | Reached skill level 6 in Unarmed Combat
    13 | D        | Reached XP level 4. HP: 38/50 MP: 3/3
    15 | D        | Killed a necrophage
    15 | D        | Reached ** piety under Trog
    16 | D        | Reached skill level 7 in Unarmed Combat
    16 | D        | Reached XP level 5. HP: 40/59 MP: 4/4
    67 | D        | Reached skill level 8 in Unarmed Combat
    67 | D        | Reached XP level 6. HP: 68/68 MP: 5/5
    68 | D        | Reached *** piety under Trog
    73 | D        | Reached skill level 9 in Unarmed Combat
    83 | D        | Reached **** piety under Trog
    96 | D        | Noticed a boulder beetle
    96 | D        | Noticed a boulder beetle
   119 | D        | Mangled by a boulder beetle

Illustrated notes

Levels and vault maps discovered:
D:        the_violet_keep_of_menkaure [sprint2_stairs_cluster_1,
          sprint2_shoproom, sprint2_temple, sprint2_basic_supplies,
          sprint2_obstacle_5, sprint2_obstacle_3, sprint2_obstacle_7,
          sprint2_obstacle_2, sprint2_obstacle_4, sprint2_timed_cluster_1,
          sprint2_smallroom_cluster_1, sprint2_smallroom_final_cluster_1,
          sprint2_transparent_cluster_1, sprint2_second_timed_cluster_1,
          sprint2_sniper_area_1, sprint2_heavy_combat_area_1,
          sprint2_mutation_trap_area_1, sprint2_forest_area_1,
          sprint2_light_combat_area_1, sprint2_behind_water_1,
          sprint2_near_end_vault_1]

Skill      XL: |  1  2  3  4  5  6 |
---------------+-------------------+-----
Fighting       | 4 5 6 7 |  7.5
Dodging        | 4 5 6 7 |  7.4
Unarmed Combat | 5 6 7 8 9 |  9.4

Action                     |  1- 3 |  4- 6 || total
---------------------------+-------+-------++-------
  Melee: Unarmed           |     7 |    36 ||    43
         Punch             |     1 |     1 ||     2
 Invoke: Berserk           |     1 |     1 ||     2
    Use: Potion            |       |     1 ||     1
 Armour: Animal skin       |     1 |     1 ||     2
  Dodge: Dodged            |     2 |    10 ||    12

Table legend: (Time is in decaauts)
 A = Elapsed time spent in this place.
 B = Non-inter-level travel time spent in this place.
 C = Inter-level travel time spent in this place.
 D = Time resting spent in this place.
 E = Time spent auto-exploring this place.
 F = Levels seen in this place.
 G = Mean time per level.
                   A        B        C        D        E       F      G
               +--------+--------+--------+--------+--------+-----+--------+
         Total |    119 |    119 |      0 |     49 |      0 |   1 |  119.0 |
       Dungeon |    119 |    119 |      0 |     49 |      0 |   1 |  119.0 |
               +--------+--------+--------+--------+--------+-----+--------+

Top non-repeatable levels by time:
       D: 119 daAuts
